 Dungeon Crawl Stone Soup version 0.22.1-2-g9c5b331 (webtiles) character file.

39 whitewolfNL the Cudgeler (level 3, -2/33 HPs)
             Began as a Minotaur Berserker on Dec 2, 2018.
             Was a Believer of Trog.
             Slain by Crazy Yiuf
             ... wielding a +2 quarterstaff of chaos
              (15 damage)
             ... on level 2 of the Dungeon.
             The game lasted 00:03:34 (990 turns).

whitewolfNL the Cudgeler (Minotaur Berserker)        Turns: 990, Time: 00:03:36

Health: -2/33      AC:  5    Str: 21    XL:     3   Next: 26%
Magic:  2/2        EV: 11    Int:  4    God:    Trog [**....]
Gold:   95         SH:  0    Dex: 10    Spells: 2/2 levels left

rFire    . . .     SeeInvis .   k - +0 mace
rCold    . . .     Gourm    .   (no shield)
rNeg     . . .     Faith    .   b - +0 ring mail
rPois    .         Spirit   .   (helmet restricted)
rElec    .         Reflect  .   (no cloak)
rCorr    .         Harm     .   (no gloves)
MR       .....                  (no boots)
Stlth    +.........             (no amulet)
HPRegen  0.11/turn              (no ring)
MPRegen  0.08/turn              (no ring)

@: berserk cooldown, slowed, very slow
A: retaliatory headbutt, horns 2
a: Berserk, Trog's Hand, Renounce Religion


You were on level 2 of the Dungeon.
You worshipped Trog.
Trog was pleased with you.
You were very hungry.

You visited 1 branch of the dungeon, and saw 2 of its levels.

You collected 95 gold pieces.

Inventory:

Hand Weapons
 k - a +0 mace (weapon)
Missiles
 j - 16 bolts
Armour
 b - a +0 ring mail (worn)
 h - a +0 leather armour
Scrolls
 d - a scroll of identify {unknown}
 e - a scroll of enchant weapon {unknown}
 g - 2 scrolls of remove curse {unknown}
 i - a scroll of magic mapping {unknown}
 m - a scroll of enchant armour {unknown}
Potions
 a - a potion of flight {unknown}
 l - 2 potions of agility {unknown}
Comestibles
 c - 3 rations
 f - 11 chunks of flesh


   Skills:
 + Level 4.0 Fighting
 * Level 4.5 Maces & Flails
 * Level 2.6 Armour
 * Level 2.4 Dodging
 * Level 0.5 Stealth


You had 2 spell levels left.
You didn't know any spells.
Your spell library was empty.

Dungeon Overview and Level Annotations

Branches:
Dungeon (2/15)

Altars:

Annotations:
D:2 Crazy Yiuf


Innate Abilities, Weirdness & Mutations

You reflexively headbutt those who attack you in melee.
You have a pair of horns on your head.


Message History

Crazy Yiuf the Enlightened comes into view.
He is wielding a quarterstaff of Crazy Yiuf shouts!
Found a mace.
Crazy Yiuf cries, "You leg down broken song, no?"
There is an open door here.
You feel your anger nearly subside.
You are no longer berserk.
You pass out from exhaustion.
You feel yourself slow down.
Crazy Yiuf sings, "Trees, trees, trees, circus!"
Crazy Yiuf hits you but does no damage.
Crazy Yiuf hits you with a quarterstaff of chaos.
Crazy Yiuf barely misses you.
You can move again.
You hit Crazy Yiuf. Your headbutt misses Crazy Yiuf.
Crazy Yiuf is moderately wounded.
Crazy Yiuf hits you with a quarterstaff of chaos!
Crazy Yiuf sings, "Trees, trees, trees, circus!"
Crazy Yiuf hits you with a quarterstaff of chaos.
You are electrocuted!
You die...

#......
####.###..
#.........
#.##.###..
#.##.# ##.
##### #.##.#
#. #)..#
#.##.# ##.
#.g.#
#.##.##..#
#.@.#
###>##.##.#.
##'##
#......##.#.
♣.♣♣
#...#.......
♣♣.♣
#.###.###.#.
♣.♣♣ #.#
...... ♣♣.♣
#.## #...#.
♣♣.♣♣ #..#
#.# #.
♣♣PP.♣ #..#
# #. ♣...P♣
#..####.# #.


You could see Crazy Yiuf.

Vanquished Creatures
  A leopard gecko (D:2)
  4 bats
  A giant cockroach (D:1)
  2 goblins
  7 hobgoblins
  3 jackals (D:1)
  A quokka (D:2)
  2 frilled lizards
  6 kobolds
  6 rats
33 creatures vanquished.

Notes
Turn   | Place    | Note
-------+----------+-------------------------------------------
     0 | D:1      | whitewolfNL the Minotaur Berserker began the quest for the
                  | Orb.
     0 | D:1      | Reached XP level 1. HP: 19/19 MP: 0/0
   418 | D:1      | Reached XP level 2. HP: 25/27 MP: 1/1
   776 | D:2      | Reached XP level 3. HP: 33/33 MP: 2/2
   782 | D:2      | Reached ** piety under Trog
   922 | D:2      | Found a runed door.
   984 | D:2      | Noticed Crazy Yiuf
   990 | D:2      | Slain by Crazy Yiuf

Skill      XL: |  1  2 |
---------------+-------+-----
Maces & Flails | 4 |  4.5
Fighting       | 4 |  4.0
Armour         | |  2.6
Dodging        | |  2.4
Stealth        | |  0.5

Action                   || total
-------------------------++-------
Melee: Mace              ||    47
       Headbutt          ||     5
Invok: Berserk           ||     2
  Eat: Chunk             ||     1
Armor: Animal skin       ||     9
       Ring mail         ||     2
Dodge: Dodged            ||    45
